 Dungeon Crawl Stone Soup version 0.20.0-8-g6b59dc7 (webtiles) character file.

131 MDvedh the Cutter (level 5, -7/42 HPs)
             Began as a Hill Orc Assassin on June 2, 2017.
             Was a Follower of Yredelemnul.
             Killed from afar by Natasha (8 damage)
             ... with a magic dart
             ... on level 3 of the Dungeon.
             The game lasted 00:05:22 (2712 turns).

MDvedh the Cutter (Hill Orc Assassin)               Turns: 2712, Time: 00:05:24

Health: -7/42      AC:  0    Str: 14    XL:     5   Next: 14%
Magic:  5/5        EV: 13    Int: 16    God:    Yredelemnul [*.....]
Gold:   197        SH:  0    Dex: 13    Spells: 4/4 levels left

rFire    . . .     SeeInvis .   (weapon currently unavailable)
rCold    . . .     Gourm    .   (shield currently unavailable)
rNeg     . . .     Faith    .   (armour currently unavailable)
rPois    .         Spirit   .   (helmet currently unavailable)
rElec    .         Reflect  .   (cloak currently unavailable)
rCorr    .         Harm     .   (gloves currently unavailable)
MR       .....                  (boots currently unavailable)
Stlth    ++........             (no amulet)
Regen    0.2/turn               (ring currently unavailable)
MPRegen  0.1/turn               (ring currently unavailable)

@: brilliant, pig-form (expiring), flying, very quick
A: no striking features
a: Animate Remains, Renounce Religion


You were on level 3 of the Dungeon.
You worshipped Yredelemnul.
Yredelemnul was aware of your devotion.
You were not hungry.
You were a filthy swine.
You visited 1 branch of the dungeon, and saw 3 of its levels.

You collected 197 gold pieces.

Inventory:

Hand Weapons
 a - a +2 dagger (melded)
 b - a +0 blowgun
Missiles
 e - 7 poisoned needles
 f - 2 curare-tipped needles
Armour
 c - a +0 robe (melded)
 d - a +0 cloak (melded)
Jewellery
 q - an uncursed amulet of faith {unknown}
Scrolls
 h - 2 scrolls of remove curse {unknown}
 i - a scroll of enchant weapon {unknown}
 j - a scroll of blinking {unknown}
 l - a scroll of identify {unknown}
 n - a scroll of recharging {unknown}
 o - a scroll of magic mapping {unknown}
 r - a scroll of teleportation {unknown}
Potions
 p - 2 potions of mutation
 s - a potion of cancellation {unknown}
 u - a potion of curing {unknown}
Comestibles
 g - 4 bread rations
 t - a royal jelly
 v - 2 chunks of flesh


   Skills:
 - Level 2.4 Fighting
 + Level 5.2 Short Blades
 - Level 1.7 Throwing
 - Level 0.7 Dodging
 - Level 3.2 Stealth


You had 4 spell levels left.
You didn't know any spells.

Dungeon Overview and Level Annotations

Branches:
Dungeon (3/15)

Altars:
Yredelemnul

Annotations:
D:3 Natasha


Innate Abilities, Weirdness & Mutations

((You have a pair of small horns on your head.))
((You are partially covered in icy blue scales. (AC +2)))


Message History

Natasha claws you!
* * * LOW HITPOINT WARNING * * *
The iron imp barely misses you.
Unknown command.
It was a potion of mutation.
You feel extremely strange.
Icy blue scales grow over part of your body.
A pair of horns grows on your head! Natasha closely misses you.
The iron imp completely misses you.
It was a potion of brilliance.
You feel clever all of a sudden.
The crimson imp blinks!
Natasha misses you.
Unknown command.
It was a potion of flight.
You feel very buoyant.
You fly up into the air.
The crimson imp blinks!
The iron imp hits you.
* * * LOW HITPOINT WARNING * * *
Natasha casts a spell at you. The magic dart hits you!
You die...
Your body rises from the dead as a mindless zombie.

.## # ...# #.##.# #.##.#
#### # ##.#.#.# #..[
#####.####.###... ..#
......).[5h§#.#.####.g####
.####..##h.#.##..g.gh.....
#..##.÷#.##.####5.####
.........P.....# ..#
≈≈≈≈≈≈≈§≈≈≈≈....# 5.#
≈≈≈≈≈≈≈≈≈≈≈≈≈≈....# ..#
≈≈≈≈≈≈≈#####≈≈....# ...
....(..#ggg#≈≈....# .###
### #...#≈≈....# .# #+#
#≈≈P...#


You could see an iron imp, Natasha and 3 gnolls.

Vanquished Creatures
  An orc wizard (D:3)
  A gnoll (D:3)
  An adder (D:2)
  2 worms (D:2)
  2 leopard geckos (D:2)
  2 orcs
  13 bats
  6 giant cockroaches
  5 goblins
  11 hobgoblins
  5 jackals (D:3)
  11 kobolds
  2 quokkas (D:2)
  A ball python (D:2)
  A frilled lizard (D:2)
  5 rats
69 creatures vanquished.

Notes
Turn   | Place    | Note
-------+----------+-------------------------------------------
     0 | D:1      | MDvedh the Hill Orc Assassin began the quest for the Orb.
     0 | D:1      | Reached XP level 1. HP: 18/18 MP: 1/1
   171 | D:1      | Reached XP level 2. HP: 25/25 MP: 2/2
   407 | D:1      | Reached skill level 3 in Short Blades
   792 | D:2      | Reached XP level 3. HP: 24/30 MP: 3/3
  1199 | D:2      | Found a basalt altar of Yredelemnul.
  1318 | D:2      | Reached skill level 4 in Short Blades
  1433 | D:2      | Became a worshipper of Yredelemnul the Dark
  1486 | D:2      | Reached XP level 4. HP: 26/37 MP: 4/4
  2210 | D:2      | Reached * piety under Yredelemnul
  2582 | D:3      | Reached skill level 5 in Short Blades
  2582 | D:3      | Reached XP level 5. HP: 36/42 MP: 5/5
  2638 | D:3      | Noticed Natasha
  2710 | D:3      | Gained mutation: You are partially covered in icy blue scales. (AC +2) [potion of mutation]
  2710 | D:3      | Gained mutation: You have a pair of small horns on your head. [potion of mutation]
  2712 | D:3      | HP: 1/42 [iron imp[Natasha] (5)]
  2712 | D:3      | Killed from afar by Natasha

Skill      XL: |  1  2  3  4 |
---------------+-------------+-----
Short Blades   | 3 4 5 |  5.2
Fighting       | |  2.4
Throwing       | |  1.7
Dodging        | |  0.7
Stealth        | |  3.2

Action                   |  1- 3 |  4- 6 || total
-------------------------+-------+-------++-------
Melee: Dagger            |   132 |   132 ||   264
       Unarmed           |       |    12 ||    12
 Fire: Blowgun           |       |     2 ||     2
  Use: Potion            |       |     3 ||     3
 Stab: Sleeping          |     8 |     5 ||    13
  Eat: Chunk             |     2 |     4 ||     6
Armor: Robe              |    44 |    29 ||    73
Dodge: Dodged            |    78 |    73 ||   151
